Moose vs Reign
Created - May 15, 2024 at 21:14
Goals
|
| Moose |
1 |
0 |
3 |
0 |
4 |
| Reign |
0 |
2 |
2 |
1 |
5 |
|
Shots
|
| Moose |
18 |
6 |
23 |
3 |
50 |
| Reign |
19 |
5 |
7 |
4 |
35 |
|
1st period
1. Moose , Mathieu Joseph 2 (Nikolay Goldobin 2, Dylan Strome 2) at 16:42
Penalties :
Chandler Stephenson (Ont) for Delaying the game (Minor) at 19:05
2nd period
2. Reign , Lias Andersson 1 (Josh Anderson 1) at 0:06 (SH)
3. Reign , Charlie McAvoy 1 (Nick Suzuki 1) at 19:23
Penalties :
Michael McLeod (Man) for Interference (Minor) at 13:27
3rd period
4. Moose , Chase De Leo 2 (Anders Bjork 2, Nelson Nogier 2) at 2:35
5. Reign , Nick Suzuki 1 (Kevin Fiala 1) at 3:10
6. Moose , Nick Paul 1 (Ludwig Bystrom 2, Vinni Lettieri 2) at 3:56 (PP)
7. Moose , Julien Gauthier 1 (Chase De Leo 1, Anders Bjork 3) at 15:00
8. Reign , Chandler Stephenson 1 (Phillip Danault 1, Evan Bouchard 2) at 18:01
Penalties :
Phillip Danault (Ont) for Tripping (Minor) at 3:45, Juuso Valimaki (Man) for Slashing (Minor) at 10:05
Overtime #1
9. Reign , Brady Tkachuk 1 (Nick Suzuki 2) at 4:34
Penalties :
Dylan Strome (Man) for Tripping (Minor) at 2:12
Goalie Stats
Filip Gustavsson (Man), 30 saves from 35 shots - (0.857), OTL, 1-0-1, 64:34 minutes
Carter Hutton (Ont), 46 saves from 50 shots - (0.920), W, 1-0-0, 64:34 minutes
Players Stats for Moose
Player Name G A P +/- PIM S H SB GA TA FO MP PP MP PK MP
------------------------------------------------------------------------------------
Anders Bjork 0 2 2 2 0 3 0 0 0 0 0/0 14:43 0:00 1:49
Boris Katchouk 0 0 0 0 0 1 0 0 0 0 1/1 8:28 0:00 0:00
Caleb Jones 0 0 0 1 0 1 1 2 0 1 0/0 23:28 1:04 3:02
Chase De Leo 1 1 2 2 0 12 2 0 1 1 2/5 14:48 0:00 1:51
Dylan Strome 0 1 1 -1 2 2 0 1 0 1 15/28 23:03 1:11 1:59
Jake Leschyshyn 0 0 0 0 0 3 2 0 0 0 1/3 10:17 0:00 1:31
Joey Keane 0 0 0 -1 0 1 2 0 0 1 0/0 14:19 0:00 0:25
Josh Mahura 0 0 0 -1 0 1 0 0 0 1 0/0 15:23 0:00 1:19
Julien Gauthier 1 0 1 2 0 2 2 0 1 0 0/0 12:53 0:00 0:00
Juuso Valimaki 0 0 0 -3 2 2 0 3 0 1 0/0 29:06 1:06 2:17
Kieffer Bellows 0 0 0 0 0 0 0 0 0 0 0/0 8:28 0:00 0:00
Ludwig Bystrom 0 1 1 -2 0 4 1 0 1 0 0/0 25:54 1:06 2:08
Mathieu Joseph 1 0 1 -1 0 6 0 0 0 0 1/2 21:00 1:11 0:00
Michael McLeod 0 0 0 -3 2 2 3 0 0 0 11/19 16:30 0:59 0:36
Nelson Nogier 0 1 1 2 0 1 0 3 0 1 0/0 20:57 1:04 2:43
Nick Paul 1 0 1 -3 0 2 2 0 1 1 2/3 17:18 0:59 1:08
Nikolay Goldobin 0 1 1 -1 0 4 1 3 0 0 1/2 24:05 1:11 3:00
Vinni Lettieri 0 1 1 -3 0 3 0 0 0 0 0/0 16:10 0:59 0:00
Players Stats for Reign
Player Name G A P +/- PIM S H SB GA TA FO MP PP MP PK MP
------------------------------------------------------------------------------------
Brady Tkachuk 1 0 1 3 0 4 2 0 0 0 0/1 19:09 3:02 0:00
Brendan Perlini 0 0 0 -2 0 1 3 0 0 0 0/0 20:12 2:54 0:00
Chandler Stephenson 1 0 1 0 2 1 0 2 0 0 5/9 13:23 0:01 0:00
Charlie McAvoy 1 0 1 3 0 1 0 1 1 1 0/0 20:57 3:55 0:23
Darroll Powe 0 0 0 -2 0 1 3 0 0 1 8/17 20:45 2:54 0:33
Devon Teows 0 0 0 1 0 0 0 1 0 0 0/0 8:09 0:00 1:47
Evan Bouchard 0 1 1 3 0 0 0 0 0 0 0/0 13:09 2:02 0:00
Josh Anderson 0 1 1 -1 0 0 3 3 0 0 1/1 19:29 0:00 1:37
Kevin Fiala 0 1 1 3 0 4 1 0 0 0 0/0 18:57 3:02 0:00
Lias Andersson 1 0 1 1 0 2 0 0 0 0 4/10 11:39 0:00 1:37
Logan O'Connor 0 0 0 0 0 4 3 0 1 0 0/1 9:49 0:01 0:00
Miro Heiskanen 0 0 0 0 0 2 1 0 0 0 0/0 19:17 2:02 0:00
Nick Suzuki 1 2 3 3 0 5 2 0 2 0 11/24 19:26 3:03 0:00
Nicolas Hague 0 0 0 -1 0 2 0 0 0 1 0/0 23:57 0:00 1:47
Phillip Danault 0 1 1 0 2 3 3 1 0 0 0/0 13:24 0:00 0:33
Quinn Hughes 0 0 0 -2 0 5 0 2 1 0 0/0 26:22 3:55 0:00
Roman Josi 0 0 0 0 0 0 1 6 3 1 0/0 17:17 0:00 0:23
Tanner Jeannot 0 0 0 0 0 0 1 0 0 0 0/0 9:39 0:00 0:00
Yegor Sharangovich 0 0 0 0 0 0 1 0 0 0 0/0 15:38 2:54 0:00
3 Stars
1 - Nick Suzuki (Ont)
2 - Chase De Leo (Man)
3 - Brady Tkachuk (Ont)
Power Play
Moose - 1 on 2 Attempt(s) - 50.00%
Reign - 0 on 3 Attempt(s) - 0.00%
Penalty Kill
Moose - 3 on 3 Attempt(s) - 100.00%
- Score 0 goal in Penalty Kill
Reign - 1 on 2 Attempt(s) - 50.00%
- Score 1 goal in Penalty Kill
Team Stat
Moose - Hits : 16 - Faceoff Wins : 34 - Blocked Shots : 12 - Penalty Minutes : 6
Reign - Hits : 24 - Faceoff Wins : 29 - Blocked Shots : 16 - Penalty Minutes : 4
Official
Referees : Gord Dwyer and Ian Walsh
Linesman : Vaughan Rody and Michel Cormier
Game Notes
Ludwig Bystrom is injured at 15:46 of 3rd period (Bruised Left Leg)
0:16 of 1st overtime period - Moose goal is going for a video replay. After video review, No Goal. The goalkeeper has been pushed into the net together with the puck after making a save.
Finance
Level 1 -- Attendance: 2000 (100.00%) -- Ticket Income $140,000
Level 2 -- Attendance: 960 (96.00%) -- Ticket Income $38,400
Total Attendance: 2960 (98.67%)
Total Ticket Income: $178,400
Other Income: $8,920
Total Income: $187,320
Moose
5 vs 5 Forward
Center Left Wing Right Wing Time % Phy DF OF
1 Dylan Strome Nikolay Goldobin Mathieu Joseph 40 1 2 2
2 Michael McLeod Nick Paul Vinni Lettieri 30 1 2 2
3 Chase De Leo Anders Bjork Julien Gauthier 20 1 2 2
4 Jake Leschyshyn Boris Katchouk Kieffer Bellows 10 1 2 2
5 vs 5 Defense
Defense Defense Time % Phy DF OF
1 Ludwig Bystrom Juuso Valimaki 40 1 2 2
2 Nelson Nogier Caleb Jones 30 1 2 2
3 Josh Mahura Joey Keane 20 1 2 2
4 Ludwig Bystrom Juuso Valimaki 10 1 2 2
PowerPlay Forward
Center Left Wing Right Wing Time % Phy DF OF
1 Dylan Strome Nikolay Goldobin Mathieu Joseph 60 1 2 2
2 Michael McLeod Nick Paul Vinni Lettieri 40 1 2 2
PowerPlay Defense
Defense Defense Time % Phy DF OF
1 Ludwig Bystrom Juuso Valimaki 60 1 2 2
2 Nelson Nogier Caleb Jones 40 1 2 2
Penalty Kill 4 Players Forward
Center Wing Time % Phy DF OF
1 Dylan Strome Nikolay Goldobin 60 1 2 2
2 Michael McLeod Nick Paul 40 1 2 2
Penalty Kill 4 Players Defense
Defense Defense Time % Phy DF OF
1 Ludwig Bystrom Juuso Valimaki 60 1 2 2
2 Nelson Nogier Caleb Jones 40 1 2 2
Penalty Kill - 3 Players Forward
Forward Time % Phy DF OF
1 Dylan Strome 60 1 2 2
2 Michael McLeod 40 1 2 2
Penalty Kill - 3 Players Defense
Defense Defense Time % Phy DF OF
1 Ludwig Bystrom Juuso Valimaki 60 1 2 2
2 Nelson Nogier Caleb Jones 40 1 2 2
4 vs 4 Forward
Center Wing Time % Phy DF OF
1 Dylan Strome Nikolay Goldobin 60 1 2 2
2 Michael McLeod Nick Paul 40 1 2 2
4 vs 4 Defense
Defense Defense Time % Phy DF OF
1 Ludwig Bystrom Juuso Valimaki 60 1 2 2
2 Nelson Nogier Caleb Jones 40 1 2 2
Last Minutes Offensive
Center Left Wing Right Wing Defense Defense
Dylan Strome Nikolay Goldobin Mathieu Joseph Ludwig Bystrom Juuso Valimaki
Last Minutes Defensive
Center Left Wing Right Wing Defense Defense
Dylan Strome Nikolay Goldobin Mathieu Joseph Ludwig Bystrom Juuso Valimaki
Goaltenders
Starting : Filip Gustavsson
Backup : Daniel Vladar
Extra Forwards
Normal : Chase De Leo, Nick Paul, Vinni Lettieri - PP : Chase De Leo, Nick Paul - PK : Chase De Leo
Extra Defensemen
Normal : Caleb Jones, Josh Mahura, Joey Keane - PP : Caleb Jones - PK : Caleb Jones, Josh Mahura
Penalty Shots
Mathieu Joseph, Nikolay Goldobin, Dylan Strome, Michael McLeod, Chase De Leo
Custom OT Lines Forwards
Mathieu Joseph, Nikolay Goldobin, Dylan Strome, Michael McLeod, Chase De Leo, Nick Paul, Vinni Lettieri, Anders Bjork, Julien Gauthier, Boris Katchouk
Custom OT Lines Defensemen
Ludwig Bystrom, Juuso Valimaki, Nelson Nogier, Caleb Jones, Josh Mahura
Scratches
Riley Damiani (Healthy), Alexander Khovanov (Healthy), Matthew Benning (Left Foot Injury), Mitchell Stephens (Healthy), Jonathan Kovacevic (Healthy)
Adam Ginning (Healthy), Jonny Tychonick (Healthy), Tomas Jurco (Healthy), Max Jones (Healthy), Nathan Bastian (Healthy)
William Bitten (Healthy), Jonatan Berggren (Healthy), Joey Daccord (Healthy), Karel Vejmelka (Healthy)
Reign
5 vs 5 Forward
Center Left Wing Right Wing Time % Phy DF OF
1 Darroll Powe Brendan Perlini Josh Anderson 35 1 2 2
2 Nick Suzuki Brady Tkachuk Kevin Fiala 35 1 2 2
3 Chandler Stephenson Phillip Danault Yegor Sharangovich 20 1 2 2
4 Lias Andersson Tanner Jeannot Logan O'Connor 10 1 2 2
5 vs 5 Defense
Defense Defense Time % Phy DF OF
1 Quinn Hughes Nicolas Hague 40 1 2 2
2 Roman Josi Miro Heiskanen 30 1 2 2
3 Charlie McAvoy Evan Bouchard 20 1 2 2
4 Devon Teows Charlie McAvoy 10 1 2 2
PowerPlay Forward
Center Left Wing Right Wing Time % Phy DF OF
1 Nick Suzuki Brady Tkachuk Kevin Fiala 60 1 2 2
2 Darroll Powe Brendan Perlini Yegor Sharangovich 40 1 2 2
PowerPlay Defense
Defense Defense Time % Phy DF OF
1 Quinn Hughes Charlie McAvoy 60 1 2 2
2 Evan Bouchard Miro Heiskanen 40 1 2 2
Penalty Kill 4 Players Forward
Center Wing Time % Phy DF OF
1 Lias Andersson Josh Anderson 60 1 2 2
2 Darroll Powe Phillip Danault 40 1 2 2
Penalty Kill 4 Players Defense
Defense Defense Time % Phy DF OF
1 Devon Teows Nicolas Hague 60 1 2 2
2 Roman Josi Charlie McAvoy 40 1 2 2
Penalty Kill - 3 Players Forward
Forward Time % Phy DF OF
1 Lias Andersson 60 1 2 2
2 Darroll Powe 40 1 2 2
Penalty Kill - 3 Players Defense
Defense Defense Time % Phy DF OF
1 Devon Teows Nicolas Hague 60 1 2 2
2 Roman Josi Charlie McAvoy 40 1 2 2
4 vs 4 Forward
Center Wing Time % Phy DF OF
1 Darroll Powe Brendan Perlini 60 1 2 2
2 Josh Anderson Kevin Fiala 40 1 2 2
4 vs 4 Defense
Defense Defense Time % Phy DF OF
1 Quinn Hughes Nicolas Hague 60 1 2 2
2 Roman Josi Miro Heiskanen 40 1 2 2
Last Minutes Offensive
Center Left Wing Right Wing Defense Defense
Darroll Powe Brendan Perlini Josh Anderson Quinn Hughes Charlie McAvoy
Last Minutes Defensive
Center Left Wing Right Wing Defense Defense
Darroll Powe Brendan Perlini Josh Anderson Devon Teows Nicolas Hague
Goaltenders
Starting : Carter Hutton
Backup : Ukko-Pekka Luukkonen
Extra Forwards
Normal : Nick Suzuki, Chandler Stephenson, Darroll Powe - PP : Logan O'Connor, Chandler Stephenson - PK : Nick Suzuki
Extra Defensemen
Normal : Charlie McAvoy, Devon Teows, Evan Bouchard - PP : Charlie McAvoy - PK : Quinn Hughes, Miro Heiskanen
Penalty Shots
Brendan Perlini, Darroll Powe, Josh Anderson, Kevin Fiala, Brady Tkachuk
Custom OT Lines Forwards
Nick Suzuki, Darroll Powe, Josh Anderson, Kevin Fiala, Brady Tkachuk, Phillip Danault, Chandler Stephenson, Brendan Perlini, Lias Andersson, Yegor Sharangovich
Custom OT Lines Defensemen
Quinn Hughes, Nicolas Hague, Roman Josi, Miro Heiskanen, Charlie McAvoy
Scratches
Austen Brassard (Healthy), Michael Anderson (Healthy), Michael McCarron (Healthy), Nick Merkley (Separated Left Shoulder Injury), Hunter Drew (Healthy)
Michael Pezzetta (Healthy), Justus Annunen (Healthy)
% Time on Ice - Moose
Lines # - Real PCT - Wanted PCT - Time Play
Normal Forward
1 - 37% - 40% - 20:37
2 - 26% - 30% - 14:42
3 - 22% - 20% - 12:40
4 - 15% - 10% - 8:28
Normal Defense
1 - 40% - 40% - 22:19
2 - 30% - 30% - 16:49
3 - 24% - 20% - 13:33
4 - 7% - 10% - 3:46
PP Forward
1 - 55% - 60% - 1:11
2 - 45% - 40% - 0:59
PP Defense
1 - 51% - 60% - 1:06
2 - 49% - 40% - 1:04
PK Forward
1 - 84% - 60% - 5:00
2 - 16% - 40% - 0:57
PK Defense
1 - 72% - 60% - 4:17
2 - 28% - 40% - 1:40
PK3 Forward
1 - 0% - 60%
2 - 0% - 40%
PK3 Defense
1 - 0% - 60%
2 - 0% - 40%
44 Forward
1 - 0% - 60%
2 - 0% - 40%
44 Defense
1 - 0% - 60%
2 - 0% - 40%
Last Minute Offensive - 0:00
Last Minute Defensive - 0:00
Total
Forward - 64:34
Defense - 64:34
|
% Time on Ice - Reign
Lines # - Real PCT - Wanted PCT - Time Play
Normal Forward
1 - 32% - 35% - 17:52
2 - 28% - 35% - 16:04
3 - 23% - 20% - 12:52
4 - 17% - 10% - 9:39
Normal Defense
1 - 41% - 40% - 23:09
2 - 30% - 30% - 17:06
3 - 19% - 20% - 10:32
4 - 10% - 10% - 5:40
PP Forward
1 - 51% - 60% - 3:03
2 - 49% - 40% - 2:54
PP Defense
1 - 66% - 60% - 3:55
2 - 34% - 40% - 2:02
PK Forward
1 - 75% - 60% - 1:37
2 - 25% - 40% - 0:33
PK Defense
1 - 82% - 60% - 1:47
2 - 18% - 40% - 0:23
PK3 Forward
1 - 0% - 60%
2 - 0% - 40%
PK3 Defense
1 - 0% - 60%
2 - 0% - 40%
44 Forward
1 - 0% - 60%
2 - 0% - 40%
44 Defense
1 - 0% - 60%
2 - 0% - 40%
Last Minute Offensive - 0:00
Last Minute Defensive - 0:00
Total
Forward - 64:34
Defense - 64:34
|
Play-by-Play
1st period
0:01 of 1st period - Mathieu Joseph wins face-off versus Darroll Powe in neutral zone.
0:06 of 1st period - Snap shot by Nikolay Goldobin.
0:06 of 1st period - Stopped by Carter Hutton with a rebound.
0:26 of 1st period - Ludwig Bystrom is hit by Brady Tkachuk and loses puck.
0:33 of 1st period - Snap shot by Nick Suzuki.
0:33 of 1st period - Stopped by Filip Gustavsson without a rebound.
0:34 of 1st period - Chandler Stephenson wins face-off versus Chase De Leo in Moose zone.
0:45 of 1st period - Slapshot by Phillip Danault.
0:45 of 1st period - Stopped by Filip Gustavsson with a rebound.
0:49 of 1st period - Snap shot by Phillip Danault.
0:49 of 1st period - Stopped by Filip Gustavsson without a rebound.
0:50 of 1st period - Lias Andersson wins face-off versus Jake Leschyshyn in Moose zone.
2:43 of 1st period - Wrist shot by Yegor Sharangovich.
2:43 of 1st period - Shot Blocked by Nelson Nogier.
3:06 of 1st period - Snap shot by Anders Bjork.
3:06 of 1st period - Stopped by Carter Hutton with a rebound.
3:12 of 1st period - Wrist shot by Anders Bjork.
3:12 of 1st period - Shot Misses the Net.
3:14 of 1st period - Slapshot by Caleb Jones.
3:14 of 1st period - Shot Blocked by Chandler Stephenson.
3:28 of 1st period - Wrist shot by Chase De Leo.
3:28 of 1st period - Stopped by Carter Hutton with a rebound.
3:42 of 1st period - Snap shot by Chandler Stephenson.
3:42 of 1st period - Shot Misses the Net.
3:58 of 1st period - Wrist shot by Chandler Stephenson.
3:58 of 1st period - Deflect By Phillip Danault.
3:58 of 1st period - Stopped by Filip Gustavsson with a rebound.
4:21 of 1st period - Snap shot by Chase De Leo.
4:21 of 1st period - Deflect By Julien Gauthier.
4:21 of 1st period - Shot Misses the Net.
4:21 of 1st period - Puck is out of play.
4:22 of 1st period - Dylan Strome wins face-off versus Nick Suzuki in Reign zone.
5:32 of 1st period - Slapshot by Roman Josi.
5:32 of 1st period - Deflect By Brady Tkachuk.
5:32 of 1st period - Stopped by Filip Gustavsson without a rebound.
5:33 of 1st period - Nick Suzuki wins face-off versus Mathieu Joseph in Moose zone.
5:36 of 1st period - Snap shot by Kevin Fiala.
5:36 of 1st period - Stopped by Filip Gustavsson without a rebound.
5:37 of 1st period - Nick Suzuki wins face-off versus Dylan Strome in Moose zone.
5:40 of 1st period - Wrist shot by Nick Suzuki.
5:40 of 1st period - Stopped by Filip Gustavsson with a rebound.
6:16 of 1st period - Snap shot by Kevin Fiala.
6:16 of 1st period - Deflect By Nick Suzuki.
6:16 of 1st period - Stopped by Filip Gustavsson with a rebound.
7:17 of 1st period - Snap shot by Nick Suzuki.
7:17 of 1st period - Shot Misses the Net.
7:25 of 1st period - Snap shot by Nick Suzuki.
7:25 of 1st period - Deflect By Brady Tkachuk.
7:25 of 1st period - Stopped by Filip Gustavsson without a rebound.
7:26 of 1st period - Nick Paul wins face-off versus Darroll Powe in Moose zone.
7:37 of 1st period - Snap shot by Michael McLeod.
7:37 of 1st period - Shot Misses the Net.
7:39 of 1st period - Slapshot by Caleb Jones.
7:39 of 1st period - Shot Misses the Net.
7:41 of 1st period - Backhand shot by Michael McLeod.
7:41 of 1st period - Shot Misses the Net.
7:51 of 1st period - Miro Heiskanen is hit by Caleb Jones and loses puck.
8:27 of 1st period - Wrist shot by Logan O'Connor.
8:27 of 1st period - Stopped by Filip Gustavsson with a rebound.
8:29 of 1st period - Snap shot by Lias Andersson.
8:29 of 1st period - Stopped by Filip Gustavsson with a rebound.
8:41 of 1st period - Charlie McAvoy is hit by Joey Keane and loses puck.
9:08 of 1st period - Icing by Nicolas Hague.
9:09 of 1st period - Chandler Stephenson wins face-off versus Michael McLeod in Reign zone.
9:16 of 1st period - Slapshot by Quinn Hughes.
9:16 of 1st period - Stopped by Filip Gustavsson without a rebound.
9:17 of 1st period - Darroll Powe wins face-off versus Jake Leschyshyn in Moose zone.
9:32 of 1st period - Snap shot by Boris Katchouk.
9:32 of 1st period - Shot Blocked by Roman Josi.
9:42 of 1st period - Caleb Jones is hit by Roman Josi and loses puck.
10:07 of 1st period - Yegor Sharangovich is hit by Julien Gauthier and loses puck.
10:24 of 1st period - Snap shot by Mathieu Joseph.
10:24 of 1st period - Stopped by Carter Hutton without a rebound.
10:25 of 1st period - Michael McLeod wins face-off versus Nick Suzuki in Reign zone.
11:14 of 1st period - Logan O'Connor is hit by Jake Leschyshyn and loses puck.
11:37 of 1st period - Snap shot by Chase De Leo.
11:37 of 1st period - Stopped by Carter Hutton without a rebound.
11:38 of 1st period - Chase De Leo wins face-off versus Darroll Powe in Reign zone.
11:42 of 1st period - Snap shot by Julien Gauthier.
11:42 of 1st period - Shot Blocked by Roman Josi.
11:44 of 1st period - Snap shot by Julien Gauthier.
11:44 of 1st period - Stopped by Carter Hutton with a rebound.
11:46 of 1st period - Slapshot by Josh Mahura.
11:46 of 1st period - Shot Misses the Net.
11:48 of 1st period - Wrist shot by Chase De Leo.
11:48 of 1st period - Stopped by Carter Hutton with a rebound.
11:52 of 1st period - Snap shot by Chase De Leo.
11:52 of 1st period - Stopped by Carter Hutton with a rebound.
12:26 of 1st period - Wrist shot by Anders Bjork.
12:26 of 1st period - Shot Blocked by Josh Anderson.
12:28 of 1st period - Slapshot by Caleb Jones.
12:28 of 1st period - Shot Misses the Net.
12:54 of 1st period - Wrist shot by Julien Gauthier.
12:54 of 1st period - Shot Blocked by Roman Josi.
12:56 of 1st period - Slapshot by Josh Mahura.
12:56 of 1st period - Shot Blocked by Roman Josi.
12:58 of 1st period - Slapshot by Josh Mahura.
12:58 of 1st period - Deflect By Anders Bjork.
12:58 of 1st period - Stopped by Carter Hutton with a rebound.
13:00 of 1st period - Slapshot by Josh Mahura.
13:00 of 1st period - Stopped by Carter Hutton with a rebound.
13:14 of 1st period - Snap shot by Chase De Leo.
13:14 of 1st period - Stopped by Carter Hutton with a rebound.
13:16 of 1st period - Slapshot by Ludwig Bystrom.
13:16 of 1st period - Stopped by Carter Hutton without a rebound.
13:17 of 1st period - Dylan Strome wins face-off versus Brady Tkachuk in Reign zone.
13:22 of 1st period - Snap shot by Nikolay Goldobin.
13:22 of 1st period - Stopped by Carter Hutton with a rebound.
13:24 of 1st period - Snap shot by Nikolay Goldobin.
13:24 of 1st period - Shot Misses the Net.
13:26 of 1st period - Snap shot by Juuso Valimaki.
13:26 of 1st period - Deflect By Kevin Fiala.
13:26 of 1st period - Stopped by Carter Hutton with a rebound.
13:28 of 1st period - Slapshot by Juuso Valimaki.
13:28 of 1st period - Stopped by Carter Hutton without a rebound.
13:29 of 1st period - Nick Suzuki wins face-off versus Dylan Strome in Reign zone.
14:38 of 1st period - Slapshot by Quinn Hughes.
14:38 of 1st period - Stopped by Filip Gustavsson without a rebound.
14:39 of 1st period - Dylan Strome wins face-off versus Logan O'Connor in Moose zone.
14:50 of 1st period - Wrist shot by Logan O'Connor.
14:50 of 1st period - Stopped by Filip Gustavsson with a rebound.
14:56 of 1st period - Snap shot by Tanner Jeannot.
14:56 of 1st period - Shot Blocked by Dylan Strome.
15:06 of 1st period - Slapshot by Tanner Jeannot.
15:06 of 1st period - Shot Misses the Net.
15:08 of 1st period - Snap shot by Miro Heiskanen.
15:08 of 1st period - Shot Blocked by Juuso Valimaki.
15:10 of 1st period - Slapshot by Miro Heiskanen.
15:10 of 1st period - Shot Misses the Net.
15:12 of 1st period - Slapshot by Miro Heiskanen.
15:12 of 1st period - Stopped by Filip Gustavsson with a rebound.
15:14 of 1st period - Slapshot by Logan O'Connor.
15:14 of 1st period - Stopped by Filip Gustavsson without a rebound.
15:15 of 1st period - Darroll Powe wins face-off versus Michael McLeod in Moose zone.
15:26 of 1st period - Wrist shot by Michael McLeod.
15:26 of 1st period - Shot Misses the Net.
15:28 of 1st period - Wrist shot by Vinni Lettieri.
15:28 of 1st period - Stopped by Carter Hutton without a rebound.
15:29 of 1st period - Michael McLeod wins face-off versus Nick Suzuki in Reign zone.
15:40 of 1st period - Snap shot by Michael McLeod.
15:40 of 1st period - Shot Misses the Net.
15:42 of 1st period - Snap shot by Vinni Lettieri.
15:42 of 1st period - Stopped by Carter Hutton with a rebound.
15:44 of 1st period - Snap shot by Vinni Lettieri.
15:44 of 1st period - Shot Misses the Net.
16:00 of 1st period - Slapshot by Quinn Hughes.
16:00 of 1st period - Stopped by Filip Gustavsson without a rebound.
16:01 of 1st period - Darroll Powe wins face-off versus Dylan Strome in Moose zone.
16:10 of 1st period - Wrist shot by Brendan Perlini.
16:10 of 1st period - Shot Blocked by Nikolay Goldobin.
16:16 of 1st period - Snap shot by Brendan Perlini.
16:16 of 1st period - Shot Misses the Net.
16:28 of 1st period - Wrist shot by Brendan Perlini.
16:28 of 1st period - Stopped by Filip Gustavsson with a rebound.
16:38 of 1st period - Slapshot by Dylan Strome.
16:38 of 1st period - Shot Misses the Net.
16:40 of 1st period - Snap shot by Mathieu Joseph.
16:40 of 1st period - Shot Blocked by Josh Anderson.
16:42 of 1st period - Wrist shot by Nikolay Goldobin.
16:42 of 1st period - Deflect By Mathieu Joseph.
16:42 of 1st period - Goal by Mathieu Joseph - Moose : 1 - Reign : 0.
16:43 of 1st period - Nick Suzuki wins face-off versus Michael McLeod in neutral zone.
17:37 of 1st period - Nicolas Hague is hit by Chase De Leo.
17:45 of 1st period - Anders Bjork is hit by Darroll Powe and loses puck.
17:58 of 1st period - Slapshot by Josh Anderson.
17:58 of 1st period - Shot Misses the Net.
18:06 of 1st period - Slapshot by Darroll Powe.
18:06 of 1st period - Stopped by Filip Gustavsson without a rebound.
18:07 of 1st period - Michael McLeod wins face-off versus Nick Suzuki in Moose zone.
19:05 of 1st period - Minor Penalty to Chandler Stephenson for Delaying the game.
19:06 of 1st period - Dylan Strome wins face-off versus Lias Andersson in Reign zone.
Goals for this period are 1 for Moose vs 0 for Reign.
Shots for this period are 18 for Moose vs 19 for Reign.
2nd period
0:01 of 2nd period - Lias Andersson wins face-off versus Nikolay Goldobin in neutral zone.
0:06 of 2nd period - Snap shot by Lias Andersson.
0:06 of 2nd period - Goal by Lias Andersson - Moose : 1 - Reign : 1.
0:07 of 2nd period - Lias Andersson wins face-off versus Dylan Strome in neutral zone.
1:05 of 2nd period - Penalty to Chandler Stephenson is over, Chandler Stephenson is back on ice.
1:22 of 2nd period - Wrist shot by Jake Leschyshyn.
1:22 of 2nd period - Stopped by Carter Hutton with a rebound.
2:31 of 2nd period - Snap shot by Jake Leschyshyn.
2:31 of 2nd period - Shot Misses the Net.
2:51 of 2nd period - Slapshot by Ludwig Bystrom.
2:51 of 2nd period - Shot Blocked by Chandler Stephenson.
3:09 of 2nd period - Caleb Jones is hit by Miro Heiskanen and loses puck.
3:22 of 2nd period - Caleb Jones is hit by Logan O'Connor and loses puck.
3:39 of 2nd period - Wrist shot by Jake Leschyshyn.
3:39 of 2nd period - Stopped by Carter Hutton with a rebound.
3:51 of 2nd period - Boris Katchouk is hit by Brendan Perlini and loses puck.
4:09 of 2nd period - Kieffer Bellows is hit by Tanner Jeannot and loses puck.
5:30 of 2nd period - Snap shot by Logan O'Connor.
5:30 of 2nd period - Stopped by Filip Gustavsson without a rebound.
5:31 of 2nd period - Nick Suzuki wins face-off versus Dylan Strome in Moose zone.
5:46 of 2nd period - Snap shot by Nikolay Goldobin.
5:46 of 2nd period - Shot Misses the Net.
6:06 of 2nd period - Snap shot by Kevin Fiala.
6:06 of 2nd period - Shot Misses the Net.
6:18 of 2nd period - Quinn Hughes is hit by Michael McLeod and loses puck.
6:45 of 2nd period - Slapshot by Phillip Danault.
6:45 of 2nd period - Shot Blocked by Nelson Nogier.
7:14 of 2nd period - Roman Josi is hit by Joey Keane and loses puck.
7:19 of 2nd period - Slapshot by Ludwig Bystrom.
7:19 of 2nd period - Shot Misses the Net.
10:25 of 2nd period - Yegor Sharangovich is hit by Julien Gauthier and loses puck.
11:39 of 2nd period - Icing by Logan O'Connor.
11:40 of 2nd period - Lias Andersson wins face-off versus Chase De Leo in Reign zone.
11:40 of 2nd period - Lias Andersson is hit by Chase De Leo.
12:25 of 2nd period - Wrist shot by Nikolay Goldobin.
12:25 of 2nd period - Shot Blocked by Phillip Danault.
12:27 of 2nd period - Slapshot by Ludwig Bystrom.
12:27 of 2nd period - Shot Blocked by Quinn Hughes.
12:29 of 2nd period - Slapshot by Dylan Strome.
12:29 of 2nd period - Stopped by Carter Hutton without a rebound.
12:30 of 2nd period - Nikolay Goldobin wins face-off versus Darroll Powe in Reign zone.
12:45 of 2nd period - Wrist shot by Brendan Perlini.
12:45 of 2nd period - Shot Misses the Net.
12:57 of 2nd period - Caleb Jones is hit by Phillip Danault and loses puck.
13:03 of 2nd period - Icing by Nelson Nogier.
13:04 of 2nd period - Dylan Strome wins face-off versus Chandler Stephenson in Moose zone.
13:04 of 2nd period - Dylan Strome is hit by Yegor Sharangovich.
13:12 of 2nd period - Backhand shot by Phillip Danault.
13:12 of 2nd period - Shot Misses the Net.
13:14 of 2nd period - Slapshot by Charlie McAvoy.
13:14 of 2nd period - Deflect By Yegor Sharangovich.
13:14 of 2nd period - Shot Misses the Net.
13:14 of 2nd period - Puck is out of play.
13:15 of 2nd period - Michael McLeod wins face-off versus Nick Suzuki in Moose zone.
13:15 of 2nd period - Nick Paul is hit by Nick Suzuki and loses puck.
13:27 of 2nd period - Minor Penalty to Michael McLeod for Interference.
13:28 of 2nd period - Dylan Strome wins face-off versus Nick Suzuki in Moose zone.
13:32 of 2nd period - Slapshot by Quinn Hughes.
13:32 of 2nd period - Deflect By Kevin Fiala.
13:32 of 2nd period - Shot Blocked by Juuso Valimaki.
13:32 of 2nd period - Puck is out of play.
13:33 of 2nd period - Dylan Strome wins face-off versus Nick Suzuki in Moose zone.
15:25 of 2nd period - Charlie McAvoy is hit by Jake Leschyshyn and loses puck.
15:27 of 2nd period - Penalty to Michael McLeod is over, Michael McLeod is back on ice.
15:34 of 2nd period - Wrist shot by Anders Bjork.
15:34 of 2nd period - Shot Blocked by Quinn Hughes.
15:36 of 2nd period - Wrist shot by Anders Bjork.
15:36 of 2nd period - Shot Misses the Net.
15:38 of 2nd period - Snap shot by Michael McLeod.
15:38 of 2nd period - Shot Misses the Net.
15:40 of 2nd period - Backhand shot by Juuso Valimaki.
15:40 of 2nd period - Deflect By Anders Bjork.
15:40 of 2nd period - Shot Misses the Net.
15:40 of 2nd period - Puck is out of play.
15:41 of 2nd period - Michael McLeod wins face-off versus Lias Andersson in Reign zone.
16:27 of 2nd period - Julien Gauthier is hit by Josh Anderson.
16:48 of 2nd period - Boris Katchouk is hit by Logan O'Connor and loses puck.
17:08 of 2nd period - Snap shot by Jake Leschyshyn.
17:08 of 2nd period - Deflect By Boris Katchouk.
17:08 of 2nd period - Stopped by Carter Hutton with a rebound.
17:44 of 2nd period - Wrist shot by Mathieu Joseph.
17:44 of 2nd period - Shot Misses the Net.
17:46 of 2nd period - Snap shot by Joey Keane.
17:46 of 2nd period - Stopped by Carter Hutton with a rebound.
17:48 of 2nd period - Slapshot by Joey Keane.
17:48 of 2nd period - Deflect By Mathieu Joseph.
17:48 of 2nd period - Stopped by Carter Hutton with a rebound.
18:08 of 2nd period - Snap shot by Michael McLeod.
18:08 of 2nd period - Shot Misses the Net.
18:49 of 2nd period - Off-side.
18:50 of 2nd period - Darroll Powe wins face-off versus Michael McLeod in neutral zone.
18:52 of 2nd period - Off-side.
18:53 of 2nd period - Josh Anderson wins face-off versus Michael McLeod in neutral zone.
18:56 of 2nd period - Nick Paul is hit by Brendan Perlini and loses puck.
19:23 of 2nd period - Snap shot by Charlie McAvoy.
19:23 of 2nd period - Goal by Charlie McAvoy - Moose : 1 - Reign : 2.
19:24 of 2nd period - Dylan Strome wins face-off versus Darroll Powe in neutral zone.
19:31 of 2nd period - Slapshot by Juuso Valimaki.
19:31 of 2nd period - Shot Misses the Net.
19:39 of 2nd period - Wrist shot by Nikolay Goldobin.
19:39 of 2nd period - Shot Misses the Net.
19:54 of 2nd period - Wrist shot by Kevin Fiala.
19:54 of 2nd period - Deflect By Nick Suzuki.
19:54 of 2nd period - Stopped by Filip Gustavsson with a rebound.
19:56 of 2nd period - Wrist shot by Brady Tkachuk.
19:56 of 2nd period - Stopped by Filip Gustavsson with a rebound.
19:58 of 2nd period - Snap shot by Brady Tkachuk.
19:58 of 2nd period - Shot Misses the Net.
Goals for this period are 0 for Moose vs 2 for Reign.
Shots for this period are 6 for Moose vs 5 for Reign.
3rd period
0:01 of 3rd period - Nick Suzuki wins face-off versus Dylan Strome in neutral zone.
0:37 of 3rd period - Ludwig Bystrom is hit by Josh Anderson and loses puck.
0:49 of 3rd period - Icing by Ludwig Bystrom.
0:50 of 3rd period - Chandler Stephenson wins face-off versus Chase De Leo in Moose zone.
1:03 of 3rd period - Snap shot by Chase De Leo.
1:03 of 3rd period - Stopped by Carter Hutton with a rebound.
1:05 of 3rd period - Snap shot by Julien Gauthier.
1:05 of 3rd period - Shot Misses the Net.
1:23 of 3rd period - Snap shot by Nikolay Goldobin.
1:23 of 3rd period - Stopped by Carter Hutton with a rebound.
1:25 of 3rd period - Snap shot by Mathieu Joseph.
1:25 of 3rd period - Stopped by Carter Hutton without a rebound.
1:26 of 3rd period - Michael McLeod wins face-off versus Nick Suzuki in Reign zone.
1:39 of 3rd period - Wrist shot by Michael McLeod.
1:39 of 3rd period - Deflect By Kevin Fiala.
1:39 of 3rd period - Shot Misses the Net.
1:39 of 3rd period - Puck is out of play.
1:40 of 3rd period - Darroll Powe wins face-off versus Dylan Strome in Reign zone.
2:35 of 3rd period - Snap shot by Chase De Leo.
2:35 of 3rd period - Goal by Chase De Leo - Moose : 2 - Reign : 2.
2:36 of 3rd period - Dylan Strome wins face-off versus Darroll Powe in neutral zone.
3:01 of 3rd period - Juuso Valimaki is hit by Kevin Fiala and loses puck.
3:08 of 3rd period - Snap shot by Kevin Fiala.
3:08 of 3rd period - Stopped by Filip Gustavsson with a rebound.
3:10 of 3rd period - Snap shot by Nick Suzuki.
3:10 of 3rd period - Goal by Nick Suzuki - Moose : 2 - Reign : 3.
3:11 of 3rd period - Dylan Strome wins face-off versus Nick Suzuki in neutral zone.
3:16 of 3rd period - Quinn Hughes is hit by Nikolay Goldobin.
3:45 of 3rd period - Minor Penalty to Phillip Danault for Tripping.
3:46 of 3rd period - Michael McLeod wins face-off versus Lias Andersson in Reign zone.
3:50 of 3rd period - Slapshot by Ludwig Bystrom.
3:50 of 3rd period - Stopped by Carter Hutton with a rebound.
3:52 of 3rd period - Wrist shot by Michael McLeod.
3:52 of 3rd period - Shot Blocked by Devon Teows.
3:54 of 3rd period - Snap shot by Vinni Lettieri.
3:54 of 3rd period - Deflect By Josh Anderson.
3:54 of 3rd period - Stopped by Carter Hutton with a rebound.
3:56 of 3rd period - Slapshot by Ludwig Bystrom.
3:56 of 3rd period - Deflect By Nick Paul.
3:56 of 3rd period - Goal by Nick Paul - Moose : 3 - Reign : 3.
3:57 of 3rd period - Darroll Powe wins face-off versus Dylan Strome in neutral zone.
4:22 of 3rd period - Nicolas Hague is hit by Nick Paul.
5:02 of 3rd period - Slapshot by Brendan Perlini.
5:02 of 3rd period - Shot Blocked by Caleb Jones.
5:14 of 3rd period - Snap shot by Chase De Leo.
5:14 of 3rd period - Deflect By Brendan Perlini.
5:14 of 3rd period - Stopped by Carter Hutton with a rebound.
5:16 of 3rd period - Snap shot by Chase De Leo.
5:16 of 3rd period - Shot Misses the Net.
5:18 of 3rd period - Snap shot by Chase De Leo.
5:18 of 3rd period - Shot Misses the Net.
6:12 of 3rd period - Slapshot by Nicolas Hague.
6:12 of 3rd period - Stopped by Filip Gustavsson with a rebound.
6:54 of 3rd period - Slapshot by Mathieu Joseph.
6:54 of 3rd period - Shot Blocked by Josh Anderson.
6:56 of 3rd period - Slapshot by Caleb Jones.
6:56 of 3rd period - Shot Misses the Net.
6:58 of 3rd period - Snap shot by Dylan Strome.
6:58 of 3rd period - Deflect By Mathieu Joseph.
6:58 of 3rd period - Stopped by Carter Hutton with a rebound.
7:10 of 3rd period - Snap shot by Miro Heiskanen.
7:10 of 3rd period - Stopped by Filip Gustavsson without a rebound.
7:11 of 3rd period - Michael McLeod wins face-off versus Lias Andersson in Moose zone.
7:20 of 3rd period - Lias Andersson is hit by Nick Paul and loses puck.
7:33 of 3rd period - Icing by Ludwig Bystrom.
7:34 of 3rd period - Jake Leschyshyn wins face-off versus Darroll Powe in Moose zone.
7:34 of 3rd period - Jake Leschyshyn is hit by Darroll Powe.
7:50 of 3rd period - Snap shot by Boris Katchouk.
7:50 of 3rd period - Shot Misses the Net.
8:04 of 3rd period - Off-side.
8:05 of 3rd period - Nick Suzuki wins face-off versus Dylan Strome in neutral zone.
8:10 of 3rd period - Wrist shot by Nick Suzuki.
8:10 of 3rd period - Shot Blocked by Nelson Nogier.
8:58 of 3rd period - Slapshot by Chase De Leo.
8:58 of 3rd period - Stopped by Carter Hutton with a rebound.
9:00 of 3rd period - Wrist shot by Chase De Leo.
9:00 of 3rd period - Shot Blocked by Roman Josi.
9:02 of 3rd period - Snap shot by Chase De Leo.
9:02 of 3rd period - Stopped by Carter Hutton without a rebound.
9:03 of 3rd period - Dylan Strome wins face-off versus Nick Suzuki in Reign zone.
9:08 of 3rd period - Snap shot by Ludwig Bystrom.
9:08 of 3rd period - Stopped by Carter Hutton with a rebound.
9:25 of 3rd period - Icing by Juuso Valimaki.
9:26 of 3rd period - Dylan Strome wins face-off versus Darroll Powe in Moose zone.
9:51 of 3rd period - Kevin Fiala is hit by Ludwig Bystrom and loses puck.
9:56 of 3rd period - Slapshot by Dylan Strome.
9:56 of 3rd period - Shot Misses the Net.
9:58 of 3rd period - Snap shot by Nikolay Goldobin.
9:58 of 3rd period - Shot Misses the Net.
10:00 of 3rd period - Slapshot by Dylan Strome.
10:00 of 3rd period - Shot Blocked by Charlie McAvoy.
10:05 of 3rd period - Minor Penalty to Juuso Valimaki for Slashing.
10:06 of 3rd period - Dylan Strome wins face-off versus Nick Suzuki in Moose zone.
10:19 of 3rd period - Wrist shot by Quinn Hughes.
10:19 of 3rd period - Shot Blocked by Caleb Jones.
10:21 of 3rd period - Backhand shot by Charlie McAvoy.
10:21 of 3rd period - Shot Misses the Net.
12:05 of 3rd period - Penalty to Juuso Valimaki is over, Juuso Valimaki is back on ice.
12:30 of 3rd period - Wrist shot by Ludwig Bystrom.
12:30 of 3rd period - Stopped by Carter Hutton without a rebound.
12:31 of 3rd period - Chandler Stephenson wins face-off versus Michael McLeod in Reign zone.
12:38 of 3rd period - Nick Paul is hit by Phillip Danault and loses puck.
12:49 of 3rd period - Snap shot by Chase De Leo.
12:49 of 3rd period - Stopped by Carter Hutton with a rebound.
13:15 of 3rd period - Wrist shot by Josh Anderson.
13:15 of 3rd period - Shot Misses the Net.
13:30 of 3rd period - Off-side.
13:31 of 3rd period - Chandler Stephenson wins face-off versus Nick Paul in neutral zone.
13:42 of 3rd period - Yegor Sharangovich is hit by Michael McLeod and loses puck.
14:11 of 3rd period - Wrist shot by Michael McLeod.
14:11 of 3rd period - Stopped by Carter Hutton with a rebound.
14:13 of 3rd period - Wrist shot by Caleb Jones.
14:13 of 3rd period - Deflect By Nick Paul.
14:13 of 3rd period - Stopped by Carter Hutton with a rebound.
14:15 of 3rd period - Backhand shot by Caleb Jones.
14:15 of 3rd period - Stopped by Carter Hutton with a rebound.
14:17 of 3rd period - Slapshot by Nelson Nogier.
14:17 of 3rd period - Stopped by Carter Hutton with a rebound.
14:19 of 3rd period - Backhand shot by Michael McLeod.
14:19 of 3rd period - Stopped by Carter Hutton without a rebound.
14:20 of 3rd period - Nick Suzuki wins face-off versus Dylan Strome in Reign zone.
14:25 of 3rd period - Wrist shot by Brady Tkachuk.
14:25 of 3rd period - Shot Blocked by Nikolay Goldobin.
14:54 of 3rd period - Snap shot by Anders Bjork.
14:54 of 3rd period - Stopped by Carter Hutton with a rebound.
14:56 of 3rd period - Snap shot by Julien Gauthier.
14:56 of 3rd period - Shot Blocked by Roman Josi.
14:58 of 3rd period - Snap shot by Chase De Leo.
14:58 of 3rd period - Stopped by Carter Hutton with a rebound.
15:00 of 3rd period - Snap shot by Julien Gauthier.
15:00 of 3rd period - Goal by Julien Gauthier - Moose : 4 - Reign : 3.
15:01 of 3rd period - Darroll Powe wins face-off versus Dylan Strome in neutral zone.
15:04 of 3rd period - Snap shot by Quinn Hughes.
15:04 of 3rd period - Shot Misses the Net.
15:06 of 3rd period - Snap shot by Darroll Powe.
15:06 of 3rd period - Shot Blocked by Nikolay Goldobin.
15:08 of 3rd period - Snap shot by Brendan Perlini.
15:08 of 3rd period - Shot Blocked by Juuso Valimaki.
15:12 of 3rd period - Snap shot by Josh Anderson.
15:12 of 3rd period - Shot Misses the Net.
15:14 of 3rd period - Wrist shot by Nicolas Hague.
15:14 of 3rd period - Stopped by Filip Gustavsson without a rebound.
15:15 of 3rd period - Dylan Strome wins face-off versus Chandler Stephenson in Moose zone.
15:29 of 3rd period - Slapshot by Quinn Hughes.
15:29 of 3rd period - Stopped by Filip Gustavsson with a rebound.
15:45 of 3rd period - Ludwig Bystrom is hit by Brendan Perlini and loses puck.
15:46 of 3rd period - Ludwig Bystrom from Moose is injured at 15:46 of 3rd period (Bruised Left Leg).
15:47 of 3rd period - Dylan Strome wins face-off versus Darroll Powe in Moose zone.
16:39 of 3rd period - Josh Mahura is hit by Brady Tkachuk and loses puck.
17:07 of 3rd period - Dylan Strome is hit by Josh Anderson and loses puck.
17:21 of 3rd period - Snap shot by Dylan Strome.
17:21 of 3rd period - Shot Misses the Net.
17:33 of 3rd period - Wrist shot by Nikolay Goldobin.
17:33 of 3rd period - Shot Misses the Net.
17:35 of 3rd period - Wrist shot by Dylan Strome.
17:35 of 3rd period - Shot Misses the Net.
17:47 of 3rd period - Wrist shot by Dylan Strome.
17:47 of 3rd period - Deflect By Nikolay Goldobin.
17:47 of 3rd period - Stopped by Carter Hutton without a rebound.
17:48 of 3rd period - Nick Paul wins face-off versus Chandler Stephenson in Reign zone.
18:01 of 3rd period - Snap shot by Chandler Stephenson.
18:01 of 3rd period - Goal by Chandler Stephenson - Moose : 4 - Reign : 4.
18:02 of 3rd period - Michael McLeod wins face-off versus Chandler Stephenson in neutral zone.
18:02 of 3rd period - Michael McLeod is hit by Phillip Danault.
18:06 of 3rd period - Yegor Sharangovich is hit by Michael McLeod.
Goals for this period are 3 for Moose vs 2 for Reign.
Shots for this period are 23 for Moose vs 7 for Reign.
Overtime #1
0:01 of 1st overtime period - Nick Suzuki wins face-off versus Dylan Strome in neutral zone.
0:14 of 1st overtime period - Slapshot by Mathieu Joseph.
0:14 of 1st overtime period - Stopped by Carter Hutton with a rebound.
0:16 of 1st overtime period - Slapshot by Dylan Strome.
0:16 of 1st overtime period - Moose goal is going for a video replay.
0:16 of 1st overtime period - The goal is refused. The goalkeeper has been pushed into the net together with the puck after making a save..
0:17 of 1st overtime period - Darroll Powe wins face-off versus Michael McLeod in Reign zone.
0:28 of 1st overtime period - Slapshot by Quinn Hughes.
0:28 of 1st overtime period - Stopped by Filip Gustavsson without a rebound.
0:29 of 1st overtime period - Nick Suzuki wins face-off versus Dylan Strome in Moose zone.
0:56 of 1st overtime period - Caleb Jones is hit by Darroll Powe and loses puck.
1:35 of 1st overtime period - Snap shot by Jake Leschyshyn.
1:35 of 1st overtime period - Stopped by Carter Hutton without a rebound.
1:36 of 1st overtime period - Boris Katchouk wins face-off versus Lias Andersson in Reign zone.
2:01 of 1st overtime period - Wrist shot by Kevin Fiala.
2:01 of 1st overtime period - Stopped by Filip Gustavsson with a rebound.
2:03 of 1st overtime period - Backhand shot by Kevin Fiala.
2:03 of 1st overtime period - Stopped by Filip Gustavsson with a rebound.
2:05 of 1st overtime period - Slapshot by Roman Josi.
2:05 of 1st overtime period - Shot Misses the Net.
2:07 of 1st overtime period - Wrist shot by Brady Tkachuk.
2:07 of 1st overtime period - Shot Misses the Net.
2:12 of 1st overtime period - Minor Penalty to Dylan Strome for Tripping.
2:13 of 1st overtime period - Chase De Leo wins face-off versus Nick Suzuki in Moose zone.
2:13 of 1st overtime period - Chase De Leo is hit by Nick Suzuki.
4:03 of 1st overtime period - Icing by Brady Tkachuk.
4:04 of 1st overtime period - Michael McLeod wins face-off versus Nick Suzuki in Reign zone.
4:12 of 1st overtime period - Penalty to Dylan Strome is over, Dylan Strome is back on ice.
4:24 of 1st overtime period - Icing by Josh Mahura.
4:25 of 1st overtime period - Michael McLeod wins face-off versus Lias Andersson in Moose zone.
4:25 of 1st overtime period - Michael McLeod is hit by Logan O'Connor.
4:32 of 1st overtime period - Icing by Joey Keane.
4:33 of 1st overtime period - Nick Suzuki wins face-off versus Michael McLeod in Moose zone.
4:34 of 1st overtime period - Wrist shot by Brady Tkachuk.
4:34 of 1st overtime period - Goal by Brady Tkachuk - Moose : 4 - Reign : 5.
Goals for this period are 0 for Moose vs 1 for Reign.
Shots for this period are 3 for Moose vs 4 for Reign.
Output by the SimonT Hockey Simulator (STHS) for Francois Prevost